 Dungeon Crawl Stone Soup version 0.23.2-30-g0e89c35649 (webtiles) character file.

Game seed: 9580717582689758786

13405 Kobolds4U the Cleaver (level 11, -4/104 HPs)
             Began as a Minotaur Fighter on June 21, 2019.
             Was a High Priest of Qazlal.
             Slain by Snorg (14 damage)
             ... on level 11 of the Dungeon.
             The game lasted 00:27:37 (10758 turns).

Kobolds4U the Cleaver (Minotaur Fighter)           Turns: 10758, Time: 00:27:37

Health: -4/104     AC: 29    Str: 21    XL:     11   Next: 75%
Magic:  15/15      EV: 19    Int:  5    God:    Qazlal [*****.]
Gold:   622        SH: 16    Dex: 13    Spells: 10/10 levels left

rFire    . . .     SeeInvis .   a - +3 war axe
rCold    . . .     Gourm    .   c - +0 shield
rNeg     . . .     Faith    .   W - +0 plate armour
rPois    .         Spirit   .   g - +2 hat
rElec    .         Reflect  .   m - +1 cloak
rCorr    .         Harm     .   (no gloves)
MR       .....                  P - +1 pair of boots
Stlth    ..........             z - amulet of the acrobat
HPRegen  0.27/turn              u - +3 ring of protection
MPRegen  0.14/turn              y - +3 ring of protection

@: protected from physical damage, acrobat, repel missiles
A: retaliatory headbutt, horns 2
a: Upheaval, Elemental Force, Disaster Area, Renounce Religion


You were on level 11 of the Dungeon.
You worshipped Qazlal.
Qazlal was extremely pleased with you.
You were hungry.

You visited 1 branch of the dungeon, and saw 11 of its levels.
You also visited: Ossuary.

You collected 622 gold pieces.

Inventory:

Hand Weapons
 a - a +3 war axe (weapon)
 b - a +0 shortbow of flaming
 K - a +0 war axe
Missiles
 r - 164 arrows
Armour
 c - a +0 shield (worn)
 g - a +2 hat (worn)
 m - a +1 cloak (worn)
 P - a +1 pair of boots (worn)
 W - a +0 plate armour (worn)
Jewellery
 h - an uncursed ring of stealth
 i - an uncursed ring of positive energy
 u - a +3 ring of protection (left hand)
 y - a +3 ring of protection (right hand)
 z - an amulet of the acrobat (around neck)
 A - an uncursed ring of protection from magic
 L - an uncursed ring of resist corrosion
Wands
 d - a wand of acid (3)
 B - a wand of iceblast (35)
 D - a wand of scattershot (8)
 M - a wand of digging (6)
 O - a wand of disintegration (11)
 Q - a wand of flame (29)
 U - a wand of clouds (8)
Scrolls
 j - 2 scrolls of identify
 o - 2 scrolls of blinking
 q - 2 scrolls of fog
 v - 7 scrolls of teleportation
 w - 3 scrolls of magic mapping
 C - a scroll of immolation
 E - 2 scrolls of brand weapon {unknown}
 H - 3 scrolls of amnesia {unknown}
 I - 2 scrolls of remove curse
 N - 4 scrolls of enchant weapon {unknown}
 V - a scroll of acquirement {unknown}
Potions
 e - 3 potions of brilliance
 k - 9 potions of curing
 l - 2 potions of flight
 n - 2 potions of berserk rage
 p - 2 potions of mutation {unknown}
 s - 2 potions of cancellation {unknown}
 x - 2 potions of heal wounds
 F - 3 potions of might
 G - 3 potions of invisibility
 J - 2 potions of haste
 R - a potion of agility {unknown}
 S - a potion of lignification {unknown}
Miscellaneous
 t - a box of beasts
 T - a sack of spiders
Comestibles
 f - 18 rations


   Skills:
 + Level 11.8 Fighting
 + Level 14.9 Axes
 + Level 9.1 Armour
 - Level 3.6 Shields
 * Level 7.4 Invocations


You had 10 spell levels left.
You didn't know any spells.
Your spell library contained the following spells:

 Spells                   Type           Power        Failure   Level  Hunger
 Shock                    Conj/Air       #...         100%        1    ##.....
 Swiftness                Chrm/Air       #.......     100%        2    ###....
 Static Discharge         Conj/Air       #.......     100%        3    ####...
 Airstrike                Air            #.........   100%        4    #####..
 Lightning Bolt           Conj/Air       #.........   100%        5    ######.


Dungeon Overview and Level Annotations

Branches:
Dungeon (11/15)            Temple (0/1) D:7             Orc (0/2) D:10
   Lair: D:8-11

Altars:
Nemelex Xobeh
Okawaru
Qazlal
Sif Muna
Vehumet
Wu Jian
Yredelemnul
Zin
The Shining One

Annotations:
D:8 1 runed translucent door, Belius's ghost, novice DEEn
D:11 Snorg


Innate Abilities, Weirdness & Mutations

You reflexively headbutt those who attack you in melee.
You have a pair of horns on your head.


Message History

Your shield and plate armour prevent you from hitting Snorg.
Snorg is almost dead.
You block Snorg's attack. Snorg claws you but does no damage. x2
You block Snorg's attack. Snorg claws you!
* * * LOW HITPOINT WARNING * * *
You block Snorg's attack.
You slash Snorg! You headbutt Snorg!
Snorg is almost dead.
Snorg bites you!
* * * LOW HITPOINT WARNING * * *
Snorg claws you but does no damage. Snorg claws you!
* * * LOW HITPOINT WARNING * * *
You feel more protected from physical attacks.
The crimson imp blinks!
Snorg rages.
Snorg closely misses you. You block Snorg's attack. x2
Snorg bites you but does no damage. You block Snorg's attack.
Snorg claws you but does no damage. Snorg bites you!
You die...

..####.##.###.######.##.###.#
... #.# #.# #.##.....# .....
#.# #5######.##.###.# ..####.
#.# #........##.# #.# . #.
#.# #........##.# #.# #. #.#
#.######.##.###.## #. ... #.#
# ..##....... # #T# #.
#.##.###.## ##.#l#@#
#.##.##.###.#
..#.#.###.........#.#
...........[##.###.#
...##.########.##.###.#
#.....................#
##.#.#####.###.#####
#.#####.#.#####.###.#
....................#
.#####.#.###.#######


You could see Snorg (berserk) and a crimson imp.

Vanquished Creatures
  A skeletal warrior (D:10)
  An unseen horror (D:8)
  Pikel (D:7)
  2 deep elf magi (D:10)
  A manticore (D:8)
  Maurice (D:10)
  A gargoyle (D:10)
  A centaur skeleton (D:10)
  A kobold demonologist (D:11)
  A freezing wraith (D:10)
  A hornet (D:10)
  5 trolls
  A hippogriff (D:8)
  A redback (shapeshifter) (D:10)
  A wyvern (D:9)
  A spriggan (D:7)
  A vampire (D:11)
  A basilisk (D:11)
  4 hungry ghosts
  Menkaure (D:4)
  A swamp drake (D:10)
  4 ice beasts
  3 sky beasts
  2 slaves (D:7)
  3 orc warriors (D:10)
  2 black bears
  A necrophage (D:9)
  A phantom (D:6)
  9 ogres
  2 centaurs
  9 bullfrogs
  A wyvern zombie (D:7)
  A gnoll sergeant (D:6)
  15 scorpions
  11 killer bees
  2 howler monkeys
  7 wights (D:7)
  4 electric eels (D:6)
  3 crimson imps
  2 centaur zombies
  5 hounds
  3 jellies (D:10)
  Crazy Yiuf (D:6)
  8 orc priests
  A bullfrog skeleton (D:8)
  An iguana (D:8)
  12 orc wizards
  7 worker ants
  2 big kobold zombies (Ossuary)
  A hound zombie (D:10)
  A hound skeleton (D:6)
  3 mummies (Ossuary)
  A gnoll (D:6)
  2 scorpion zombies (Ossuary)
  11 adders
  4 shadow imps
  2 adder skeletons
  2 dart slugs
  6 leopard geckos
  50 orcs
  A ball python (D:7)
  7 bats
  2 giant cockroaches
  3 gnoll zombies (Ossuary)
  6 goblins
  7 hobgoblins
  14 jackals
  2 kobolds
  4 quokkas
  4 frilled lizards (D:1)
  A goblin zombie (Ossuary)
  4 hobgoblin zombies (Ossuary)
  A kobold zombie (Ossuary)
  A leopard gecko zombie (D:7)
  4 orc zombies (Ossuary)
  3 rats
298 creatures vanquished.

Vanquished Creatures (others)
  A killer bee (D:9)
  A worker ant (D:7)
  2 gnolls (D:6)
  An orc (D:6)
  6 plants (D:6)
11 creatures vanquished.

Grand Total: 309 creatures vanquished

Notes
Turn   | Place    | Note
-------+----------+-------------------------------------------
     0 | D:1      | Kobolds4U the Minotaur Fighter began the quest for the Orb.
     0 | D:1      | Reached XP level 1. HP: 19/19 MP: 0/0
    70 | D:1      | Reached skill level 3 in Axes
   131 | D:1      | Reached XP level 2. HP: 26/26 MP: 1/1
   427 | D:1      | Reached skill level 4 in Axes
   724 | D:2      | Reached XP level 3. HP: 31/31 MP: 2/2
   851 | D:2      | Reached skill level 5 in Axes
   878 | D:2      | Reached XP level 4. HP: 32/39 MP: 3/3
  1441 | D:2      | Found a faded altar of an unknown god.
  1810 | D:3      | Reached skill level 6 in Axes
  2392 | D:4      | Reached XP level 5. HP: 45/45 MP: 4/4
  2397 | D:4      | Reached skill level 7 in Axes
  2428 | D:4      | Found a stormy altar of Qazlal.
  2430 | D:4      | Noticed an air elemental
  2431 | D:4      | Noticed a fire elemental
  2431 | D:4      | Noticed a water elemental
  2436 | D:4      | Became a worshipper of Qazlal Stormbringer
  2522 | D:4      | Found a deep blue altar of Sif Muna.
  2523 | D:4      | Found an iron altar of Okawaru.
  2523 | D:4      | Found a basalt altar of Yredelemnul.
  2524 | D:4      | Found a glowing silver altar of Zin.
  2614 | D:4      | Found a glowing golden altar of the Shining One.
  2642 | D:4      | Noticed Menkaure
  2652 | D:4      | Killed Menkaure
  2652 | D:4      | Reached skill level 8 in Axes
  2652 | D:4      | Reached XP level 6. HP: 24/51 MP: 5/5
  3022 | D:4      | Reached skill level 9 in Axes
  3493 | D:5      | Entered Level 5 of the Dungeon
  3677 | D:5      | Reached XP level 7. HP: 57/57 MP: 6/6
  3780 | D:5      | Found a radiant altar of Vehumet.
  3847 | D:5      | Found an ornate altar of the Wu Jian Council.
  4208 | D:5      | Reached skill level 10 in Axes
  4523 | D:6      | Reached * piety under Qazlal
  4556 | D:6      | Found a sand-covered staircase.
  4564 | Ossuary  | Entered an ossuary
  4711 | Ossuary  | Reached skill level 11 in Axes
  4711 | Ossuary  | Reached XP level 8. HP: 67/67 MP: 7/7
  4787 | Ossuary  | Reached skill level 5 in Fighting
  4935 | Ossuary  | Reached ** piety under Qazlal
  5445 | D:6      | Found a runed translucent door.
  5445 | D:6      | Noticed Crazy Yiuf
  5461 | D:6      | Killed Crazy Yiuf
  5461 | D:6      | Reached skill level 12 in Axes
  5642 | D:6      | Reached XP level 9. HP: 24/79 MP: 8/8
  6367 | D:7      | Noticed a troll
  6377 | D:7      | Killed a troll
  6389 | D:7      | Reached skill level 13 in Axes
  6609 | D:7      | Noticed Pikel
  6625 | D:7      | Killed Pikel
  6657 | D:7      | Reached *** piety under Qazlal
  6702 | D:7      | Reached skill level 5 in Armour
  6915 | D:7      | Reached skill level 1 in Invocations
  6917 | D:7      | Reached XP level 10. HP: 85/92 MP: 9/9
  7163 | D:7      | Found a staircase to the Ecumenical Temple.
  7423 | D:8      | Reached skill level 10 in Fighting
  7425 | D:8      | Reached **** piety under Qazlal
  7586 | D:8      | Found a runed translucent door.
  7796 | D:8      | Noticed a manticore
  7804 | D:8      | Killed a manticore
  8027 | D:8      | Noticed Belius's ghost (novice DEEn)
  8485 | D:9      | Reached skill level 14 in Axes
  8507 | D:9      | Reached skill level 5 in Invocations
  8559 | D:8      | Killed an unseen horror
  8754 | D:9      | Reached XP level 11. HP: 101/101 MP: 14/14
  9000 | D:9      | Found a sparkling altar of Nemelex Xobeh.
  9081 | D:9      | Got a scorched long sword
  9082 | D:9      | Identified the +6 long sword "Riv Woukky" {pain, rPois
                  | Int+4 Dex+2 Stlth+} (You found it on level 9 of the
                  | Dungeon)
  9218 | D:10     | Entered Level 10 of the Dungeon
  9373 | D:10     | Reached ***** piety under Qazlal
  9512 | D:10     | Found a staircase to the Orcish Mines.
  9796 | D:10     | Noticed Maurice
  9816 | D:10     | Killed Maurice
 10233 | D:10     | Noticed a deep elf mage
 10238 | D:10     | Killed a deep elf mage
 10240 | D:10     | Noticed a skeletal warrior
 10253 | D:10     | Killed a skeletal warrior
 10351 | D:10     | Noticed a deep elf mage
 10358 | D:10     | Killed a deep elf mage
 10728 | D:11     | Noticed Snorg
 10758 | D:11     | Slain by Snorg

Skill      XL: |  1  2  3  4  5  6  7  8  9 10 11 |
---------------+----------------------------------+-----
Axes           | 3 4 5 6 8 9 11 12 13 14 | 14.9
Fighting       | 4 7 9 10 11 | 11.8
Armour         | 5 7 9 |  9.1
Invocations    | 1 5 7 |  7.4
Shields        | |  3.6

Action                   |  1- 3 |  4- 6 |  7- 9 | 10-12 || total
-------------------------+-------+-------+-------+-------++-------
Melee: War axe           |    73 |   116 |   301 |   366 ||   856
       Headbutt          |    13 |    10 |    68 |    76 ||   167
  Use: Potion            |       |     1 |     1 |       ||     2
       Scroll            |       |       |    12 |     6 ||    18
  Eat: Chunk             |       |     9 |    10 |    14 ||    33
       Ration            |       |       |       |     2 ||     2
Armor: Scale mail        |    34 |     5 |       |       ||    39
       Chain mail        |       |    66 |   134 |   161 ||   361
       Plate armour      |       |       |       |    45 ||    45
Dodge: Dodged            |    21 |    20 |    44 |   111 ||   196
       Deflected         |       |       |       |     2 ||     2
Block: Shield            |    38 |    46 |   168 |   325 ||   577
